 Dungeon Crawl Stone Soup version 0.29.0-11-gd7f09526c8 (webtiles) character file.

Game seed: 16462181496521310830

30713 DoubleLucky the Arsonist (level 13, -2/105 HPs)
             Began as a Black Draconian Fire Elementalist on Sept 3, 2022.
             Was an Elder of Vehumet.
             Killed from afar by Azrael (27 damage)
             ... with a bolt of fire
             ... on level 12 of the Dungeon.
             The game lasted 01:53:28 (23129 turns).

DoubleLucky the Arsonist (DrFE)                    Turns: 23129, Time: 01:53:29

Health: -2/105     AC: 12    Str: 14    XL:     13   Next: 22%
Magic:  24/34      EV: 14    Int: 17    God:    Vehumet [****..]
Gold:   980        SH:  0    Dex: 12    Spells: 8/28 levels left

rFire   . . .      SeeInvis .   H - +1 demon whip (venom)
rCold   . . .      Faith    .   (no shield)
rNeg    . . .      Spirit   .   (body armour unavailable)
rPois   .          Reflect  .   (helmet restricted)
rElec   +          Harm     .   (no cloak)
rCorr   .          Rampage  .   K - +0 pair of gloves
Will    +....                   j - +2 pair of boots
Stlth   ++........              (no amulet)
HPRegen 0.27/turn               A - ring of willpower
MPRegen 0.24/turn               v - ring of magical power

@: short of breath
A: breathe lightning, AC +8, unfitting armour, electricity resistance,
cold-blooded
a: Breathe Lightning, Renounce Religion


You were on level 12 of the Dungeon.
You worshipped Vehumet.
Vehumet was greatly pleased with you.
You visited 3 branches of the dungeon, and saw 16 of its levels.
You also visited: Ossuary.

You collected 980 gold pieces.

Inventory:

Hand Weapons
 H - a +1 demon whip of venom (weapon)
Missiles
 D - a throwing net
Armour
 j - a +2 pair of boots (worn)
 K - a +0 pair of gloves (worn)
Jewellery
 r - an amulet of guardian spirit
 s - a +6 ring of intelligence
 v - a ring of magical power (right hand)
 A - a ring of willpower (left hand)
 F - a ring of ice
Wands
 h - a wand of flame (8)
 p - a wand of roots (25)
 q - a wand of light (12)
 B - a wand of polymorph (2)
 C - a wand of charming (1)
Scrolls
 b - 5 scrolls of teleportation
 d - a scroll of butterflies {unknown}
 f - a scroll of summoning {unknown}
 k - 4 scrolls of enchant weapon
 l - a scroll of magic mapping {unknown}
 m - 2 scrolls of immolation
 o - a scroll of enchant armour {unknown}
 t - a scroll of fear
 y - 3 scrolls of amnesia {unknown}
 E - 2 scrolls of brand weapon {unknown}
 G - 2 scrolls of vulnerability {unknown}
 I - 2 scrolls of blinking {unknown}
 J - a scroll of silence {unknown}
Potions
 a - 3 potions of magic
 c - 8 potions of brilliance
 e - 4 potions of heal wounds
 g - 3 potions of ambrosia
 i - 3 potions of cancellation
 n - a potion of attraction {unknown}
 u - 2 potions of mutation {unknown}
 w - 11 potions of curing
 x - 4 potions of flight
 z - 5 potions of haste {unknown}


   Skills:
 - Level 7.5 Fighting
 - Level 8.0 Maces & Flails
 - Level 7.5 Dodging
 - Level 1.8 Stealth
 + Level 8.1 Spellcasting
 - Level 1.0 Conjurations
 - Level 14.0 Fire Magic
 - Level 6.0 Air Magic
 - Level 8.0 Poison Magic


You had 8 spell levels left.
You knew the following spells:

 Your Spells              Type           Power      Damage    Failure   Level
a - Foxfire               Conj/Fire      100%       2x1d9     1%          1
b - Scorch                Fire           100%       2d10      1%          2
c - Inner Flame           Hex/Fire       30%        N/A       1%          3
d - Olgreb's Toxic Radia  Pois           34%        N/A       1%          4
e - Poisonous Vapours     Pois/Air       60%        N/A       1%          2
f - Fireball              Conj/Fire      16%        3d8       3%          5
g - Conjure Flame         Conj/Fire      32%        6-21      1%          3

Your spell library contained the following spells:

 Spells                   Type           Power      Damage    Failure   Level
 Fulminant Prism          Conj/Hex       4%         3d6       21%         4
 Flame Wave               Conj/Fire      32%        2d9       1%          4
 Apportation              Tloc           12%        N/A       11%         1
 Necrotise                Necr           24%        1d5       11%         1
 Summon Small Mammal      Summ           24%        N/A       11%         1
 Sublimation of Blood     Necr           6%         N/A       16%         2
 Wereblood                Tmut           6%         N/A       16%         2
 Summon Forest            Summ/Tloc      3%         N/A       96%         5
 Summon Mana Viper        Hex/Summ       6%         N/A       96%         5
 Summon Cactus Giant      Summ           3%         N/A       100%        6
 Summon Hydra             Summ           3%         N/A       100%        7


Dungeon Overview and Level Annotations

Branches:
Dungeon (12/15)            Temple (1/1) D:5            Lair (3/5) D:8
 Shoals (0/4) Lair:2        Snake (0/4) Lair:2          Orc (0/2) D:10
Ossuary (visited)

Altars:
Ashenzari
Cheibriados
Dithmenos
Elyvilon
Fedhas
Gozag
Hepliaklqana
Kikubaaqudgha
Makhleb
Nemelex Xobeh
Okawaru
Qazlal
Ru
Sif Muna
Trog
Uskayaw
Vehumet
Wu Jian
Xom
Yredelemnul
Zin
The Shining One

Shops:
D:8 =   D:9 (

Annotations:
D:12 Azrael


Innate Abilities, Weirdness & Mutations

You can breathe wild blasts of lightning.
Your glossy black scales are hard. (AC +8)
You cannot fit into any form of body armour.
You are resistant to electric shocks. (rElec)
You are cold-blooded and may be slowed by cold attacks.


Message History

The hell hound looks as sick as possible!
The hell hound looks even sicker.
The two-headed ogre looks as sick as possible!
The fire elemental barely misses you. The hell hound breathes flames at you.
The blast of flame misses the hell hound.
The blast of flame misses the fire elemental.
The blast of flame hits you. The hell hound breathes flames at you.
The blast of flame hits the fire elemental.
The fire elemental completely resists.
The blast of flame hits you! The fire elemental misses you.
You hit the fire elemental.
The fire elemental is severely damaged.
You kill the hell hound!
Vehumet accepts your kill.
You feel your power returning. The fire elemental barely misses you.
You closely miss the fire elemental.
Your tail-slap misses the fire elemental.
The fire elemental is severely damaged.
You kill the hell hound!
Vehumet accepts your kill.
You feel your power returning.
The hell hound looks as sick as possible!
Your toxic aura wanes.
The hell hound breathes flames at you.
The blast of flame hits the fire elemental.
The fire elemental completely resists.
The blast of flame hits you! The fire elemental closely misses you.
You hit the fire elemental.
You tail-slap the fire elemental, but do no damage.
The fire elemental is severely damaged.
You closely miss the fire elemental. You tail-slap the fire elemental.
The fire elemental is almost destroyed.
The fire elemental hits you. The fire elemental burns you!
* * * LOW HITPOINT WARNING * * *
Azrael gestures at you.
The bolt of fire hits the fire elemental.
The fire elemental completely resists.
The bolt of fire hits you!!
You die...

. #........#
#........#
####.##### #.#
##.# #### #..#
..... ##'#####
.....O#####......#
.....hRE@.#......#
......###.#......#
....° #.'......#
°... ###......#
... #......# ..
#..>...# #
#####'## #.# #.#


You could see Azrael, a two-headed ogre (extremely poisoned), a fire elemental
and a hell hound (extremely poisoned, catching breath).

Vanquished Creatures
  3 boulder beetles
  4 hydras
  An anaconda (Lair:3)
  2 two-headed ogres
  Erica (D:11)
  2 death yaks (Lair:3)
  Urug (Lair:1)
  Amaemon (Lair:1)
  An oklob plant (Lair:3)
  An elephant (Lair:3)
  An orange demon (Lair:1)
  Joseph (D:8)
  4 cane toads
  A gargoyle (D:12)
  4 rime drakes
  An unseen horror (D:11)
  2 komodo dragons (Lair:3)
  A troll (D:11)
  2 polar bears (Lair:3)
  9 blink frogs
  A shadow (D:9)
  Sigmund (D:4)
  2 wraiths (D:9)
  24 yaks
  5 wyverns
  4 basilisks
  6 vampire mosquitoes (D:10)
  3 steam dragons
  Eustachio (D:4)
  Menkaure (D:6)
  4 nagas (Lair:2)
  An acid dragon (D:12)
  15 water moccasins
  2 hell hounds (D:12)
  A hornet zombie (D:5)
  4 black bears
  2 ice beasts
  3 sky beasts
  2 orc warriors
  5 ogres
  4 centaurs
  3 kobold brigands
  A gnoll sergeant (D:10)
  2 necrophages
  10 bullfrogs
  8 water moccasin zombies
  4 scorpions
  10 wights
  10 killer bees
  A howler monkey (D:9)
  An electric eel (Lair:2)
  3 bullfrog zombies (D:5)
  A hound (D:7)
  7 orc priests
  4 gnoll boudas
  A human zombie (D:5)
  2 jellies
  A scorpion zombie (D:5)
  5 orc wizards
  Ijyb (D:3)
  4 iguanas
  2 hell rats (Lair:3)
  4 mummies
  Robin (D:4)
  29 gnolls
  10 adders
  A shadow imp (D:7)
  13 white imps
  An ufetubus (D:5)
  3 adder zombies
  A worm (D:2)
  A dart slug (D:2)
  27 orcs
  4 ball pythons
  6 endoplasms
  4 giant cockroaches
  4 gnoll zombies (Ossuary)
  13 goblins
  14 hobgoblins
  4 jackals (D:2)
  24 kobolds
  A quokka (D:3)
  4 bats
  2 frilled lizards
  7 hobgoblin zombies (Ossuary)
  3 kobold zombies (Ossuary)
  5 orc zombies (Ossuary)
  2 quokka zombies (D:6)
  2 rats
405 creatures vanquished.

Vanquished Creatures (collateral kills)
  18 foxfires
18 creatures vanquished.

Vanquished Creatures (others)
  An adder (D:5)
  1345 foxfires
  73 fungi
  88 plants
  2 toadstools (D:11)
1509 creatures vanquished.

Grand Total: 1932 creatures vanquished

Notes
Turn   | Place    | Note
-------+----------+-------------------------------------------
     0 | D:1      | DoubleLucky the Draconian Fire Elementalist began the quest
                  | for the Orb.
     0 | D:1      | Reached XP level 1. HP: 14/14 MP: 3/3
   453 | D:1      | Reached XP level 2. HP: 20/20 MP: 1/5
   814 | D:1      | Found a faded altar of an unknown god.
  1520 | D:2      | Reached XP level 3. HP: 26/26 MP: 3/7
  1650 | D:2      | Identified the +2 robe of the Tarantula {-Tele Rampage rC+
                  | Archmagi}
  1737 | D:2      | Reached XP level 4. HP: 33/33 MP: 0/10
  2077 | D:2      | Learned a level 2 spell: Scorch
  2233 | D:3      | Found an ornate altar of the Wu Jian Council.
  2859 | D:3      | Reached XP level 5. HP: 38/38 MP: 9/12
  2981 | D:3      | Reached skill level 5 in Spellcasting
  3461 | D:4      | Noticed Robin
  3504 | D:4      | Noticed an ogre
  3510 | D:4      | Noticed Eustachio
  3530 | D:4      | Killed Robin
  3639 | D:4      | Noticed Sigmund
  3640 | D:4      | Reached XP level 6. HP: 38/45 MP: 9/14
  3642 | D:4      | Noticed Ijyb
  3808 | D:3      | Killed Ijyb
  3878 | D:4      | Reached skill level 1 in Fighting
  3881 | D:4      | Reached skill level 4 in Fire Magic
  4072 | D:4      | Your scales start taking on a glossy black colour.
  4072 | D:4      | Reached XP level 7. HP: 56/56 MP: 5/16
  4072 | D:4      | Gained mutation: You are resistant to electric shocks.
                  | (rElec) [Black Draconian growth]
  4506 | D:3      | Reached skill level 5 in Fire Magic
  4903 | D:4      | Killed Sigmund
  4913 | D:4      | Killed Eustachio
  5161 | D:4      | Reached XP level 8. HP: 67/67 MP: 9/17
  5433 | D:5      | Entered Level 5 of the Dungeon
  5543 | D:5      | Reached skill level 5 in Fighting
  5543 | D:5      | Reached skill level 6 in Fire Magic
  6090 | D:5      | Found an ancient bone altar of Kikubaaqudgha.
  6105 | D:5      | Reached skill level 5 in Maces & Flails
  6391 | D:5      | Found a staircase to the Ecumenical Temple.
  6411 | Temple   | Entered the Ecumenical Temple
  6761 | Temple   | Became a worshipper of Vehumet
  7258 | D:6      | Reached XP level 9. HP: 74/74 MP: 17/19
  7403 | D:6      | Found a sand-covered staircase.
  7418 | Ossuary  | Entered an ossuary
  7627 | Ossuary  | Reached * piety under Vehumet
  7627 | Ossuary  | Offered knowledge of Magic Dart by Vehumet.
  8105 | D:6      | Noticed Menkaure
  8111 | D:6      | Killed Menkaure
  8112 | D:6      | Reached skill level 7 in Fire Magic
  8275 | D:6      | Learned a level 3 spell: Inner Flame
  8817 | D:6      | Offered knowledge of Poisonous Vapours by Vehumet.
  8818 | D:6      | Reached skill level 8 in Fire Magic
  8822 | D:6      | Learned a level 2 spell: Poisonous Vapours
  9084 | D:7      | Reached ** piety under Vehumet
  9310 | D:7      | Reached skill level 5 in Air Magic
  9310 | D:7      | Reached XP level 10. HP: 65/81 MP: 10/22
 10101 | D:8      | Noticed Joseph
 10109 | D:8      | Killed Joseph
 10454 | D:8      | Found Ymo Pato's Jewellery Shop.
 10530 | D:8      | Offered knowledge of Frozen Ramparts by Vehumet.
 10848 | D:8      | Reached *** piety under Vehumet
 10988 | D:8      | Found a staircase to the Lair.
 11293 | D:8      | Reached skill level 9 in Fire Magic
 11962 | Lair:1   | Entered Level 1 of the Lair of Beasts
 12136 | Lair:1   | Noticed a four-headed hydra
 12139 | Lair:1   | Noticed Urug
 12143 | Lair:1   | Killed a four-headed hydra
 12144 | Lair:1   | Reached skill level 10 in Fire Magic
 12160 | Lair:1   | Killed Urug
 12304 | Lair:1   | Reached XP level 11. HP: 91/91 MP: 16/23
 12415 | Lair:1   | Offered knowledge of Olgreb's Toxic Radiance by Vehumet.
 12496 | Lair:1   | Learned a level 4 spell: Olgreb's Toxic Radiance
 12613 | Lair:1   | Identified the +2 robe of the Hurricane {Str-5 Int+2 Dex+2}
 12613 | Lair:1   | Noticed Amaemon
 12630 | Lair:1   | Killed Amaemon
 13213 | Lair:1   | Reached skill level 5 in Poison Magic
 14094 | Lair:2   | Found a staircase to the Snake Pit.
 14359 | Lair:2   | Reached **** piety under Vehumet
 14723 | Lair:2   | Offered knowledge of Fireball by Vehumet.
 14724 | Lair:2   | Reached skill level 5 in Dodging
 14730 | Lair:2   | Learned a level 5 spell: Fireball
 14734 | Lair:2   | Learned a level 3 spell: Conjure Flame
 14796 | Lair:2   | Found a staircase to the Shoals.
 14896 | Lair:2   | Noticed an eight-headed hydra
 14902 | Lair:2   | Killed an eight-headed hydra
 15311 | Lair:3   | Noticed a seven-headed hydra
 15632 | Lair:3   | Reached XP level 12. HP: 70/100 MP: 14/24
 15635 | Lair:3   | Reached skill level 11 in Fire Magic
 16617 | Lair:3   | Noticed a seven-headed hydra
 16630 | Lair:3   | Killed a seven-headed hydra
 17126 | Lair:3   | Reached skill level 12 in Fire Magic
 17130 | Lair:3   | Noticed an anaconda
 17138 | Lair:3   | Killed an anaconda
 17281 | Lair:3   | Noticed a five-headed hydra
 17290 | Lair:3   | Killed a five-headed hydra
 17580 | Lair:3   | Noticed a death yak
 17582 | Lair:3   | Noticed a death yak
 17593 | Lair:3   | Killed a death yak
 17594 | Lair:3   | Killed a death yak
 17595 | Lair:3   | Reached skill level 13 in Fire Magic
 17926 | Lair:3   | Noticed an alligator
 17926 | Lair:3   | Noticed an anaconda
 17928 | Lair:3   | Noticed a death yak
 18723 | D:9      | Found Ewuz Xie's Hydra Hut.
 18723 | D:9      | Noticed a seven-headed hydra
 19015 | D:9      | Reached ***** piety under Vehumet
 19022 | D:9      | Reached skill level 14 in Fire Magic
 19134 | D:9      | Offered knowledge of Fulminant Prism by Vehumet.
 19661 | D:10     | Entered Level 10 of the Dungeon
 19677 | D:10     | Noticed a two-headed ogre
 19686 | D:10     | Killed a two-headed ogre
 20099 | D:10     | Found a snail-covered altar of Cheibriados.
 20354 | D:10     | Found a staircase to the Orcish Mines.
 21554 | D:11     | Noticed Erica
 21556 | D:11     | Noticed a boulder beetle
 21561 | D:11     | Killed Erica
 21562 | D:11     | Reached XP level 13. HP: 105/105 MP: 20/25
 22092 | D:11     | Found a frozen archway.
 23115 | D:12     | Noticed Azrael
 23129 | D:12     | Killed from afar by Azrael

Illustrated notes

Levels and vault maps discovered:
D:1:      scummos_arrival_simple_crosswalls, layout_basic,
          basic_ecumenical_altar
D:2:      layout_basic, eino_tiny_chamber
D:3:      layout_loops_cross, nicolae_wu_jian_wuxing_cycle, serial_forest,
          infiniplex_forest_clump_curved, infiniplex_forest_end_double,
          infiniplex_forest_lined_3_way, infiniplex_forest_lined_2,
          grunt_decor_arrowhead, hangedman_decor_clover_reticule
D:4:      layout_rooms, st_stairs_6, minmay_box_of_dots, uniq_sigmund,
          uniq_ijyb, uniq_eustachio, uniq_robin
D:5:      layout_cave_pools, lemuel_mausoleum_altar_kikubaaqudgha,
          minmay_temple_entry_glass
D:6:      layout_basic, enter_ossuary_4, uniq_menkaure
D:7:      layout_rooms
D:8:      layout_basic, due_lair_maze_entry_diamond, serial_shops, shop,
          uniq_joseph
D:9:      layout_basic, doesnt_shop_hydraphobe
D:10:     nicolae_cairo_tiling_very_big, layout_layer_cave,
          mainiacjoe_overflow_cross_hatched, orc_0_dummy
D:11:     layout_basic, portal_ice_cave_entry_imps, minmay_gold_behind_fungi,
          uniq_erica
D:12:     layout_roguey, hangedman_decor_peaks_small, uniq_azrael
Temple:   compressed_dpeg_triangle_lava_temple
Lair:1:   layout_cellular_growth, uniq_urug, uniq_amaemon
Lair:2:   layout_loops_ring, shoals_dummy_entry,
          minmay_snake_entry_guardpost_small, serial_bayou_shore_a,
          serial_bayou_shore_b, infiniplex_staircase_pool_2
Lair:3:   layout_cave_pods, minivault_19, nicolae_lair_lakeside_cave

Skill      XL: |  1  2  3  4  5  6  7  8  9 10 11 12 13 |
---------------+----------------------------------------+-----
Spellcasting   | 3 4 5 6 8 |  8.1
Fighting       | 2 4 5 6 7 |  7.5
Fire Magic     | 4 5 6 8 10 14 | 14.0
Maces & Flails | 6 8 |  8.0
Air Magic      | 5 6 |  6.0
Poison Magic   | 6 8 |  8.0
Dodging        | 6 7 |  7.5
Stealth        | |  1.8
Conjurations   | |  1.0

Action                   |  1- 3 |  4- 6 |  7- 9 | 10-12 | 13-15 || total
-------------------------+-------+-------+-------+-------+-------++-------
Melee: Unarmed           |     6 |       |       |       |       ||     6
       Dagger            |    24 |    21 |    15 |       |       ||    60
       Tailslap          |     2 |     5 |    13 |    14 |    10 ||    44
       Whip              |       |       |    64 |     7 |       ||    71
       Punch             |       |       |     1 |     2 |       ||     3
       Demon whip        |       |       |       |    75 |    32 ||   107
 Cast: Foxfire           |    58 |   110 |   267 |   350 |    30 ||   815
       Scorch            |       |    13 |    67 |    64 |    11 ||   155
       Inner Flame       |       |       |    12 |   119 |     7 ||   138
       Poisonous Vapours |       |       |       |     1 |       ||     1
       Olgreb's Toxic Ra |       |       |       |    15 |     6 ||    21
       Fireball          |       |       |       |    10 |     4 ||    14
       Conjure Flame     |       |       |       |     1 |       ||     1
 Abil: Breathe Lightning |       |       |     3 |       |     1 ||     4
  Use: Scroll            |       |     1 |     7 |     6 |     2 ||    16
       Potion            |       |       |       |     3 |       ||     3
Armor: Skin              |     7 |    22 |    87 |    60 |     9 ||   185
Dodge: Dodged            |    23 |    26 |   108 |   117 |    29 ||   303
